 Dungeon Crawl Stone Soup version 0.31-a0-150-g89dc3ad700 (webtiles) character file.

Game seed: 10644467400568193919

274 qw the Shooter (level 6, -6/38 HPs)
             Began as a Gargoyle Hunter on June 8, 2023.
             Killed from afar by an orc wizard (7 damage)
             ... with a magic dart
             ... on level 6 of the Dungeon.
             The game lasted 00:00:42 (1312 turns).

qw the Shooter (Gargoyle Hunter)                    Turns: 1312, Time: 00:00:42

Health: -6/38      AC:  9    Str: 21    XL:     6   Next: 24%
Magic:  6/6        EV: 16    Int:  9    God:
Gold:   155        SH:  0    Dex: 15    Spells: 5/5 levels left

rFire   . . .        Y - +0 shortbow
rCold   . . .        (shield currently unavailable)
rNeg    + . .        j - +0 ring mail
rPois   inf          (no helmet)
rElec   +            (no cloak)
rCorr   .            (no gloves)
SInv    .            (no boots)
Will    .....        (no amulet)
Stlth   +            e - +5 ring of evasion
HPRegen 0.26/turn    c - +6 ring of strength
MPRegen 0.10/turn

%: no passive effects
@: no status effects
A: sickness immunity, AC +4, negative energy resistance 1, electricity
resistance, torment resistance 1, petrification resistance
a: no special abilities


You were on level 6 of the Dungeon.
You visited 1 branch of the dungeon, and saw 4 of its levels.

You collected 155 gold pieces.


Innate Abilities, Weirdness & Mutations

You are immune to sickness and miasma.
Your stone body is resilient. (AC +4)
You are immune to poison.
You resist negative energy. (rN+)
You are resistant to electric shocks. (rElec)
You are resistant to unholy torment.
You are immune to petrification.


   Skills:
 + Level 3.8 Fighting
 - Level 6.3 Ranged Weapons
 - Level 2.1 Armour
 - Level 1.5 Dodging
 - Level 1.1 Stealth


You had 5 spell levels left.
You didn't know any spells.
Your spell library was empty.

Inventory:

Hand Weapons
 Y - a +0 shortbow (weapon)
Armour
 j - a +0 ring mail (worn)
Jewellery
 c - a +6 ring of strength (right hand)
 e - a +5 ring of evasion (left hand)
Scrolls
 d - a scroll of identify {unknown}
Potions
 a - a potion of ambrosia {unknown}
 b - a potion of might {unknown}
 f - a potion of haste {unknown}
 g - a potion of brilliance {unknown}
 h - a potion of berserk rage {unknown}

Dungeon Overview and Level Annotations

Branches:
Dungeon (3/15)

Altars:
The Shining One

Shops:
D:2 (


Message History

You feel less confused.
You shoot an arrow. The arrow hits the orc wizard!
The orc wizard is heavily wounded.
The orc wizard misses you.
An orc comes into view. It is wielding a +0 hand axe.
You shoot an arrow. The arrow hits the orc wizard.
The orc wizard is almost dead.
The orc wizard barely misses you.
You shoot an arrow. The arrow hits the orc wizard.
The orc wizard is almost dead.
The orc wizard barely misses you.
The orc wizard gestures wildly while chanting.
The orc wizard flickers and vanishes!
Deactivating autopickup; reactivate with Ctrl-A.
You shoot an arrow. The arrow hits the orc wizard.
You kill the orc wizard!
You shoot an arrow. Something hits you but does no damage.
The gnoll hits you but does no damage. Something hits you but does no damage.
You shoot an arrow. The gnoll barely misses you.
The orc priest calls down the wrath of Beogh upon you.
Beogh smites you!
You hear some strange, mumbled words.
A magic dart appears from out of thin air!
The magic dart hits you.
You shoot an arrow. The arrow hits the gnoll.
The gnoll is lightly wounded.
The gnoll hits you from afar with a +0 spear.
Something hits you but does no damage.
You shoot an arrow. The arrow hits the gnoll.
The gnoll is heavily wounded.
The gnoll hits you from afar with a +0 spear.
Something closely misses you.
You shoot an arrow. The arrow hits the gnoll!
You kill the gnoll!
You hear some strange, mumbled words.
A magic dart appears from out of thin air!
The magic dart hits you!
You die...

######
#....##
#..###..#
##.##
##.# #@#
#{# o##
.o ...
##.. #..
#.)


You could see an orc priest and an orc.

Vanquished Creatures
  An ice beast (D:6)
  An orc priest (D:6)
  Jessica (D:2)
  An orc wizard (D:6)
  2 gnolls (D:6)
  4 adders
  A worm (D:3)
  A dart slug (D:3)
  5 orcs (D:3)
  5 ball pythons
  2 endoplasms (D:1)
  A giant cockroach (D:3)
  3 goblins
  4 hobgoblins
  3 jackals (D:2)
  2 quokkas
  3 bats
  3 frilled lizards
  4 kobolds
47 creatures vanquished.

Notes
Turn   | Place    | Note
-------+----------+-------------------------------------------
     0 | D:1      | qw the Gargoyle Hunter began the quest for the Orb.
     0 | D:1      | Reached XP level 1. HP: 12/12 MP: 1/1
     0 | D:1      | 0 ||| qw: Version: 0.2-a-119-g7aa9181
     0 | D:1      | 0 ||| qw: Game counter: 2870
     0 | D:1      | 0 ||| qw: Always use a shield: true
     0 | D:1      | 0 ||| qw: God list: Okawaru
     0 | D:1      | 0 ||| qw: Allow faded altars: false
     0 | D:1      | 0 ||| qw: Do Orc after D:15 true
     0 | D:1      | 0 ||| qw: Do second Lair branch before Depths: true
     0 | D:1      | 0 ||| qw: Lair rune preference: random
     0 | D:1      | 0 ||| qw: Plans: Normal
     0 | D:1      | 0 ||| PLANNING D:1-11
   128 | D:1      | Reached XP level 2. HP: 17/17 MP: 2/2
   335 | D:1      | Found a faded altar of an unknown god.
   464 | D:1      | 464 ||| UPGRADING to +0 ring mail.
   474 | D:1      | 474 ||| DROPPING +0 leather armour.
   475 | D:1      | 475 ||| UPGRADING to +5 ring of evasion.
   476 | D:1      | 476 ||| READING scroll labelled ARUOHIPYXA.
   477 | D:1      | 477 ||| READING scroll labelled CEUSEALUAKI.
   482 | D:1      | 482 ||| READING scroll labelled WONOWE PEMAANWE.
   483 | D:1      | 483 ||| DROPPING scroll of butterflies.
   526 | D:2      | Noticed Jessica
   531 | D:2      | Killed Jessica
   532 | D:2      | Reached XP level 3. HP: 20/21 MP: 3/3
   613 | D:2      | Found a glowing golden altar of the Shining One.
   812 | D:2      | Reached skill level 5 in Ranged Weapons
   812 | D:2      | Reached XP level 4. HP: 26/26 MP: 4/4
   914 | D:2      | 914 ||| DROPPING ring of flight.
   915 | D:2      | 915 ||| UPGRADING to +6 ring of strength.
   916 | D:2      | 916 ||| READING scroll labelled LEETSUF WIRCHI.
   917 | D:2      | Found Amenala's Antique Weapon Shop.
   925 | D:2      | 925 ||| STAIRDANCE
  1134 | D:3      | Reached skill level 3 in Fighting
  1235 | D:3      | You fall into a shaft and drop 3 floors!
  1247 | D:6      | Reached XP level 5. HP: 29/32 MP: 5/5
  1254 | D:6      | Noticed an ice beast
  1267 | D:6      | HP: 7/32 [ice beast (14)]
  1279 | D:6      | HP: 5/32 [ice beast (5)]
  1284 | D:6      | Killed an ice beast
  1285 | D:6      | Reached skill level 6 in Ranged Weapons
  1295 | D:6      | Reached XP level 6. HP: 10/37 MP: 6/6
  1309 | D:6      | HP: 5/38 [orc priest/divine providence (10)]
  1310 | D:6      | HP: 1/38 [gnoll/+0 spear (3)]
  1312 | D:6      | Killed from afar by an orc wizard

Levels and vault maps discovered:
D:1:      psy_arrival_conway, layout_rooms, shapermc_ecumenical_altar_flowoftime
D:2:      layout_basic, serial_shops, shop, basic_altar,
          dreamdust_princess_bridge, uniq_jessica
D:3:      layout_rooms, mainiacjoe_overflow_big_doors, grunt_decor_cap,
          minmay_misc_feat_iff
D:6:      layout_layer_cave, nicolae_overflow_crystal_walls, feat_on_display,
          uniq_sigmund

Skill      XL: |  1  2  3  4  5 |
---------------+----------------+-----
Armour         | 2 |  2.1
Ranged Weapons | 5 6 |  6.3
Fighting       | 3 |  3.8
Dodging        | |  1.5
Stealth        | |  1.1

Action                     |  1- 3 |  4- 6 || total
---------------------------+-------+-------++-------
   Fire: Shortbow          |    70 |   112 ||   182
    Use: Scroll            |     3 |     1 ||     4
 Armour: Leather armour    |     5 |       ||     5
         Ring mail         |     2 |    31 ||    33
  Dodge: Dodged            |    13 |    75 ||    88

Table legend:
 A = Non-vault XP
 B = Vault XP
 C = Vault XP percentage of total XP
 D = Non-vault monster count
 E = Vault monster count
 F = Vault count percentage of total count
                 A         B        C        D         E       F
            +---------+---------+-------+---------+---------+-------
      Total |     369 |      37 |   9.1 |      46 |       1 |   2.1
            +---------+---------+-------+---------+---------+-------
        D:1 |      27 |       0 |   0.0 |      17 |       0 |   0.0
        D:2 |      45 |      37 |  45.1 |      13 |       1 |   7.1
        D:3 |      55 |       0 |   0.0 |      11 |       0 |   0.0
        D:6 |     242 |       0 |   0.0 |       5 |       0 |   0.0
            +---------+---------+-------+---------+---------+-------
